 Dungeon Crawl Stone Soup version 0.32-a0-876-gcfddb08e57 (webtiles) character file.

Game seed: 771239701213903360

19594 smashvw the Eclecticist (level 12, -19/68 HPs)
             Began as a Deep Elf Conjurer on Apr 1, 2024.
             Was a Priest of Vehumet.
             Killed from afar by a bog body (36 damage)
             ... with a bolt of cold
             ... on level 2 of the Lair of Beasts.
             The game lasted 00:44:52 (15339 turns).

smashvw the Eclecticist (Deep Elf Conjurer)        Turns: 15339, Time: 00:44:52

Health: -19/68     AC: 11    Str:  4    XL:     12   Next: 37%
Magic:  25/33      EV: 11    Int: 29    God:    Vehumet [***...]
Gold:   214        SH:  0    Dex: 13    Spells: 22/42 levels left

rFire   + . .        A - +3 dagger (venom)
rCold   . . .        (no shield)
rNeg    . . .        x - +2 robe of Xom's Esteem {Will+}
rPois   .            (no helmet)
rElec   .            a - +0 cloak
rCorr   .            v - +0 pair of gloves
SInv    .            G - +0 pair of boots
Will    ++...        S - amulet of magic regeneration
Stlth   ++           g - +4 ring of protection
HPRegen 0.31/turn    h - ring of protection from fire
MPRegen 0.63/turn

%: no passive effects
@: very slightly contaminated
A: no striking features
a: Renounce Religion


You were on level 2 of the Lair of Beasts.
You worshipped Vehumet.
Vehumet was most pleased with you.
You visited 3 branches of the dungeon, and saw 15 of its levels.

You collected 726 gold pieces.
You spent 512 gold pieces at shops.

Inventory:

Hand Weapons
 l - a +1 scythe of freezing
 A - a +3 dagger of venom (weapon)
Missiles
 I - a throwing net
Armour
 a - a +0 cloak (worn)
 m - a +0 buckler
 o - a +0 kite shield
 v - a +0 pair of gloves (worn)
 x - the +2 robe of Xom's Esteem (worn) {Will+}
   (You bought it in a shop on level 3 of the Dungeon)

   Will+:     It increases your willpower.
 E - a +1 robe of resistance
 G - a +0 pair of boots (worn)
Jewellery
 g - a +4 ring of protection (left hand)
 h - a ring of protection from fire (right hand)
 B - a +4 ring of protection
 J - an amulet of the acrobat
 K - a ring of wizardry
 M - a ring of magical power
 O - a ring of resist corrosion
 P - the ring "Wuabuleg" {rN+ rCorr Str+6 Int-2 Stlth+}
   (You found it on level 10 of the Dungeon)

   [ring of strength]

   Str+6:     It affects your strength (+6).
   Int-2:     It affects your intelligence (-2).
   rN+:       It protects you from negative energy.
   rCorr:     It protects you from acid and corrosion.
   Stlth+:    It makes you more stealthy.
 S - an amulet of magic regeneration (around neck)
 U - a ring of positive energy
Wands
 r - a wand of polymorph (21)
 C - a wand of flame (16)
 D - a wand of roots (10)
Scrolls
 c - a scroll of fog
 e - 2 scrolls of silence
 f - 3 scrolls of vulnerability
 i - 2 scrolls of blinking
 j - 3 scrolls of teleportation
 n - 5 scrolls of enchant armour {unknown}
 p - a scroll of poison
 t - 3 scrolls of immolation {unknown}
 u - 3 scrolls of fear {unknown}
 T - a scroll of enchant weapon
Potions
 b - 3 potions of magic
 d - 4 potions of haste
 k - a potion of berserk rage {unknown}
 q - 2 potions of brilliance
 s - 3 potions of degeneration
 w - a potion of invisibility {unknown}
 z - 3 potions of might {unknown}
 F - 6 potions of curing
 H - 3 potions of resistance {unknown}
 L - a potion of heal wounds {unknown}
 N - a potion of enlightenment {unknown}
 Q - a potion of lignification {unknown}


   Skills:
 - Level 5.5 Fighting
 - Level 2.4 Dodging
 - Level 2.4 Stealth
 + Level 15.7 Spellcasting
 - Level 13.0 Conjurations
 - Level 7.5 Translocations
 + Level 3.8 Fire Magic
 - Level 8.0 Alchemy


You had 22 spell levels left.
You knew the following spells:

 Your Spells              Type           Power      Damage    Failure   Level
a - Magic Dart            Conj           100%       1d8       0%          1
b - Searing Ray           Conj           100%       2d8       0%          2
c - Fulminant Prism       Conj/Alch      35%        3d17      1%          4
d - Iskenderun's Mystic   Conj/Tloc      70%        2d14      (+2d81%     4
e - Irradiate             Conj/Alch      35%        3d23      1%          5
f - Sticky Flame          Fire/Alch      54%        2d10      1%          4

Your spell library contained the following spells:

 Spells                   Type           Power      Damage    Failure   Level
 Summon Small Mammal      Summ           88%        N/A       1%          1
 Cigotuvi's Dreadful Rot  Necr/Alch/Air  76%        N/A       1%          2
 Inner Flame              Hex/Fire       33%        N/A       1%          3
 Olgreb's Toxic Radiance  Alch           62%        N/A       1%          4
 Call Canine Familiar     Summ           22%        N/A       6%          3
 Summon Ice Beast         Ice/Summ       22%        N/A       6%          3
 Summon Blazeheart Golem  Fire/Summ      33%        N/A       10%         4
 Dispel Undead            Necr           22%        3d12      21%         4
 Martyr's Knell           Necr/Summ      22%        N/A       21%         4
 Summon Mana Viper        Hex/Summ       22%        N/A       50%         5
 Ozocubu's Refrigeration  Ice            11%        4d9       98%         7
 Ignition                 Fire           22%        3d8       99%         8
 Monstrous Menagerie      Summ           11%        N/A       100%        7
 Discord                  Hex            11%        N/A       100%        8


Dungeon Overview and Level Annotations

Branches:
Dungeon (12/15)            Temple (1/1) D:7            Lair (2/5) D:9
  Swamp (0/4) Lair:2          Orc (0/2) D:10
  Snake: Lair:2-3    Spider: Lair:2-3

Altars:
Ashenzari
Cheibriados
Dithmenos
Elyvilon
Fedhas
Gozag
Hepliaklqana
Kikubaaqudgha
Makhleb
Nemelex Xobeh
Okawaru
Qazlal
Ru
Sif Muna
Trog
Uskayaw
Vehumet
Wu Jian
Xom
Yredelemnul
Zin
The Shining One

Shops:
D:3 [=(   D:6 ?   D:8 *   D:11 (

Annotations:
D:4 1 runed translucent door, Ruich's ghost, amateur MiDe
D:6 1 runed translucent door, Crazy Yiuf
D:8 2 transporters, seawaffle's ghost, novice MiBe


Message History

You start resting.
Your magical contamination has completely faded away.
You start resting.
HP restored.
You climb downwards.
The komodo dragon bites you!! The black bear barely misses you.
The black bear claws you but does no damage. x2
The komodo dragon bites you!
There is a stone staircase leading up, spattered with blood here.
Casting: Irradiate (dangerous; 1% risk of failure)
Confirm with . or Enter, or press ? or * to list all spells.
You erupt in a fountain of uncontrolled magic!
The black bear is blasted with magical radiation!!!
You kill the black bear!
Vehumet accepts your kill.
You feel your power returning.
The komodo dragon is blasted with magical radiation.
The komodo dragon is lightly wounded.
The komodo dragon twists and deforms.
You are very lightly contaminated with residual magic.
The komodo dragon bites you!
Casting: Irradiate (dangerous; 1% risk of failure)
Confirm with . or Enter, or press ? or * to list all spells.
You erupt in a blast of force!
The mystic blast hits the komodo dragon!
The komodo dragon is moderately wounded.
The komodo dragon is knocked back by the mystic blast.
The komodo dragon slams into the rock wall!
The komodo dragon is severely wounded.
Casting: Iskenderun's Mystic Blast (safe; 1% risk of failure)
Confirm with . or Enter, or press ? or * to list all spells.
You erupt in a blast of force!
The mystic blast hits the komodo dragon.
The komodo dragon is severely wounded.
The komodo dragon bites you!
* * * LOW HITPOINT WARNING * * *
The bog body gestures at you while chanting.
The bolt of cold hits you!!!
Ouch! That really hurt!
You die...

n§♣.. §§§.. ♣
§§..### ♣~
..#... ...
#n.P# #+# ....
#†.## #....
....#.⌠.#....#.
#..†l.......
#⌠.@......⌠.
#.†...#.....
##.⌠.#..###.
####.##... ##
.. .


You could see a komodo dragon (misshapen) and a bog body.

Vanquished Creatures
  A boulder beetle (D:11)
  2 two-headed ogres
  Urug (D:11)
  An orc knight (D:10)
  A bog body (Lair:2)
  An ugly thing (D:11)
  Maurice (D:11)
  3 black mambas (Lair:1)
  4 cane toads
  A kobold demonologist (D:9)
  A komodo dragon (D:7)
  2 hornets
  Grinder (D:3)
  Prince Ribbit (D:8)
  Sigmund (D:2)
  3 wraiths
  3 wyverns (D:9)
  36 yaks
  A water elemental (D:11)
  A shadow (D:11)
  A basilisk (Lair:1)
  4 vampire mosquitoes (D:11)
  An acid dragon (D:11)
  5 water moccasins
  Duvessa (D:5)
  An ice beast (D:7)
  3 orc warriors
  4 black bears
  An ogre (D:4)
  5 centaurs
  A kobold brigand (D:9)
  Blork the orc (D:6)
  7 bullfrogs
  7 wights
  3 scorpions
  Dowan (D:5)
  15 killer bees
  A bombardier beetle (D:5)
  A howler monkey (D:11)
  5 electric eels (D:11)
  A jelly (D:4)
  A gnoll bouda (D:6)
  6 orc priests
  6 hounds
  A sleepcap (D:5)
  Jessica (D:3)
  Natasha (thrice) (D:2)
  4 iguanas
  5 orc wizards
  4 gnolls (D:6)
  4 adders
  A shadow imp (D:8)
  A white imp (D:5)
  2 ufetubi (D:7)
  3 dart slugs
  3 ribbon worms
  27 orcs
  5 ball pythons
  8 endoplasms
  A giant cockroach (D:2)
  3 hobgoblins
  7 jackals (D:1)
  10 kobolds
  6 quokkas
  4 bats
  3 frilled lizards
  7 goblins
  6 rats
267 creatures vanquished.

Vanquished Creatures (others)
  48 fulminant prisms
48 creatures vanquished.

Grand Total: 315 creatures vanquished

Notes
Turn   | Place    | Note
-------+----------+-------------------------------------------
     0 | D:1      | smashvw the Deep Elf Conjurer began the quest for the Orb.
     0 | D:1      | Reached XP level 1. HP: 10/10 MP: 6/6
   185 | D:1      | Reached XP level 2. HP: 15/15 MP: 1/8
   644 | D:1      | Reached skill level 4 in Spellcasting
   677 | D:1      | Reached skill level 5 in Conjurations
   677 | D:1      | Reached XP level 3. HP: 19/19 MP: 3/10
   683 | D:1      | Learned a level 2 spell: Searing Ray
  1253 | D:2      | Found an ornate altar of the Wu Jian Council.
  1269 | D:2      | Noticed Sigmund
  1478 | D:2      | Killed Sigmund
  1479 | D:2      | Reached skill level 5 in Spellcasting
  1479 | D:2      | Reached XP level 4. HP: 20/24 MP: 5/13
  1479 | D:2      | Reached XP level 5. HP: 23/28 MP: 5/14
  1675 | D:2      | Learned a level 4 spell: Fulminant Prism
  1969 | D:2      | Noticed Natasha
  1976 | D:2      | Killed Natasha
  2130 | D:2      | Noticed Natasha
  2134 | D:2      | Killed Natasha
  2148 | D:2      | Noticed Natasha
  2153 | D:2      | Killed Natasha
  2154 | D:2      | Reached XP level 6. HP: 29/32 MP: 0/16
  2442 | D:3      | Noticed Grinder
  2560 | D:3      | Found Kegeugg's Jewellery Shoppe.
  2594 | D:3      | Killed Grinder
  2595 | D:3      | Reached skill level 6 in Spellcasting
  2788 | D:3      | Identified the +3 chain mail "Oniavos" {rN++ rCorr Dex-4}
  2910 | D:3      | Found Deah's Antique Armour Shoppe.
  3052 | D:3      | Found Doidopn's Weapon Boutique.
  3110 | D:3      | Bought a twisted robe for 182 gold pieces
  3110 | D:3      | Identified the +2 robe of Xom's Esteem {Will+} (You bought
                  | it in a shop on level 3 of the Dungeon)
  3246 | D:3      | Noticed Jessica
  3248 | D:3      | Killed Jessica
  3249 | D:3      | Reached XP level 7. HP: 36/36 MP: 16/19
  3451 | D:4      | Found a sparkling altar of Nemelex Xobeh.
  3500 | D:4      | Reached skill level 7 in Spellcasting
  4162 | D:4      | Noticed Ruich's ghost (amateur MiDe)
  4212 | D:4      | Found a runed translucent door.
  4337 | D:4      | Reached skill level 8 in Spellcasting
  4421 | D:5      | Entered Level 5 of the Dungeon
  4543 | D:5      | Reached XP level 8. HP: 29/41 MP: 16/22
  4785 | D:5      | Noticed Duvessa
  4786 | D:5      | Noticed Dowan
  4813 | D:5      | Killed Dowan
  4814 | D:5      | Reached skill level 9 in Spellcasting
  4823 | D:5      | Killed Duvessa
  5606 | D:5      | Learned a level 4 spell: Iskenderun's Mystic Blast
  5848 | D:6      | Found Tipsot's Magic Scroll Boutique.
  5944 | D:6      | Noticed Blork the orc
  5952 | D:6      | Killed Blork the orc
  5953 | D:6      | Reached skill level 10 in Spellcasting
  6599 | D:6      | Found a runed translucent door.
  6600 | D:6      | Noticed Crazy Yiuf
  7018 | D:7      | Found a staircase to the Ecumenical Temple.
  7046 | Temple   | Entered the Ecumenical Temple
  7058 | Temple   | Became a worshipper of Vehumet
  7200 | D:7      | Reached XP level 9. HP: 45/45 MP: 19/25
  7268 | D:7      | Reached skill level 11 in Spellcasting
  7268 | D:7      | Reached skill level 10 in Conjurations
  7566 | D:7      | Noticed a komodo dragon
  7581 | D:7      | Killed a komodo dragon
  7582 | D:7      | Reached skill level 12 in Spellcasting
  8079 | D:8      | Found a transporter.
  8119 | D:8      | Reached skill level 13 in Spellcasting
  8121 | D:8      | Noticed Prince Ribbit
  8127 | D:8      | Killed Prince Ribbit
  8128 | D:8      | Reached skill level 1 in Translocations
  8359 | D:8      | Found Xuchaf's Clear Minds Boutique.
  8381 | D:8      | Reached * piety under Vehumet
  8381 | D:8      | Offered knowledge of Sting by Vehumet.
  8388 | D:8      | Learned a level 5 spell: Irradiate
  8509 | D:8      | Found a transporter.
  8512 | D:8      | Noticed seawaffle's ghost (novice MiBe)
  8885 | D:9      | Reached skill level 14 in Spellcasting
  8892 | D:9      | Reached skill level 5 in Alchemy
  8892 | D:9      | Reached XP level 10. HP: 49/50 MP: 20/30
  8950 | D:9      | Reached skill level 1 in Fighting
  9219 | D:9      | Noticed a two-headed ogre
  9234 | D:9      | Killed a two-headed ogre
  9251 | D:9      | Reached skill level 5 in Translocations
  9330 | D:9      | Offered knowledge of Foxfire by Vehumet.
  9352 | D:9      | Reached ** piety under Vehumet
  9606 | D:9      | Found a staircase to the Lair.
  9710 | D:9      | Reached skill level 5 in Fighting
 10078 | D:9      | Reached XP level 11. HP: 64/64 MP: 21/31
 10479 | D:10     | Entered Level 10 of the Dungeon
 10488 | D:10     | Noticed an orc knight
 10495 | D:10     | Killed an orc knight
 10594 | D:10     | Found a staircase to the Orcish Mines.
 11141 | D:10     | Identified the ring "Wuabuleg" {rN+ rCorr Str+6 Int-2
                  | Stlth+}
 11265 | D:10     | Noticed a two-headed ogre
 11281 | D:10     | Killed a two-headed ogre
 11501 | D:11     | Noticed Urug
 11507 | D:11     | Offered knowledge of Frozen Ramparts by Vehumet.
 11513 | D:11     | Killed Urug
 11694 | D:11     | Noticed a brown ugly thing
 11706 | D:11     | Killed a brown ugly thing
 12232 | D:11     | Noticed a boulder beetle
 12242 | D:11     | Noticed Maurice
 12251 | D:11     | Something stole a ring of positive energy
 12532 | D:11     | Killed a boulder beetle
 12645 | D:11     | Found a shadowy altar of Dithmenos.
 13093 | D:11     | Found Tuib's Antique Weapon Emporium.
 13325 | D:3      | Bought an amulet of magic regeneration for 330 gold pieces
 13646 | D:11     | Killed Maurice
 14094 | Lair:1   | Entered Level 1 of the Lair of Beasts
 14102 | Lair:1   | Reached *** piety under Vehumet
 14162 | Lair:1   | Reached XP level 12. HP: 62/68 MP: 21/32
 14452 | Lair:1   | Offered knowledge of Sticky Flame by Vehumet.
 14453 | Lair:1   | Reached skill level 15 in Spellcasting
 14458 | Lair:1   | Learned a level 4 spell: Sticky Flame
 14719 | Lair:1   | Reached skill level 1 in Fire Magic
 15160 | Lair:2   | Found a staircase to the Swamp.
 15339 | Lair:2   | Killed from afar by a bog body

Illustrated notes

Levels and vault maps discovered:
D:1:      amcnicky_arrival_abandoned_market, layout_basic
D:2:      layout_loops_cross, basic_altar, minmay_split_cup_small, uniq_natasha,
          uniq_sigmund
D:3:      layout_rooms, serial_shops, nicolae_square_shop,
          nicolae_shop_advertising_works [nicolae_subvault_shop_adworks], shop,
          uniq_grinder, uniq_jessica
D:4:      layout_basic, nemelex_xobeh_ov_fountains_minmay,
          hellmonk_ghost_happy_afterlife, minmay_cupped
D:5:      layout_basic, uniq_duvessa
D:6:      layout_gridville, serial_shops, shop, uniq_crazy_yiuf_cottage,
          uniq_blork_the_orc
D:7:      layout_loops_ring, minmay_temple_entry_gardened_gates
D:8:      layout_rooms, nzn_ghost_randoct, nicolae_clarity_for_sale,
          uniq_prince_ribbit1
D:9:      layout_basic, minmay_lair_entry_grove
D:10:     layout_roguey, orc_david_3
D:11:     layout_basic, serial_shops, nicolae_shop_back_alley_shop,
          nicolae_dithmenos_shadow_blocks, uniq_urug, uniq_maurice
D:12:     layout_loops_ring
Temple:   mainiacjoe_temple_circle_huts
Lair:1:   layout_cellular_growth, serial_bayou_pond_b
Lair:2:   layout_loops_ring, skrybe_swamp_entry_bodies, grunt_megastairs_1

Skill      XL: |  1  2  3  4  5  6  7  8  9 10 11 12 |
---------------+-------------------------------------+-----
Spellcasting   | 4 5 6 8 10 14 15 | 15.7
Conjurations   | 5 6 8 9 10 13 | 13.0
Alchemy        | 2 3 5 8 |  8.0
Translocations | 2 7 |  7.5
Fighting       | 5 |  5.5
Fire Magic     | 3 |  3.8
Dodging        | |  2.4
Stealth        | |  2.4

Action                     |  1- 3 |  4- 6 |  7- 9 | 10-12 || total
---------------------------+-------+-------+-------+-------++-------
  Melee: Unarmed           |     4 |       |       |       ||     4
         Halberd           |       |       |    12 |       ||    12
         Dagger            |       |       |     8 |    12 ||    20
   Cast: Magic Dart        |    56 |    58 |   161 |   166 ||   441
         Searing Ray       |     1 |     5 |    39 |    36 ||    81
         Fulminant Prism   |       |     4 |    18 |    27 ||    49
         Iskenderun's Myst |       |       |     2 |    66 ||    68
         Irradiate         |       |       |       |    17 ||    17
         Sticky Flame      |       |       |       |     1 ||     1
    Use: Scroll            |       |       |     6 |    10 ||    16
 Armour: Robe              |    13 |     4 |    94 |    89 ||   200
  Dodge: Dodged            |    16 |     3 |    90 |   106 ||   215

Table legend: (Time is in decaauts)
 A = Elapsed time spent in this place.
 B = Non-inter-level travel time spent in this place.
 C = Inter-level travel time spent in this place.
 D = Time resting spent in this place.
 E = Time spent auto-exploring this place.
 F = Levels seen in this place.
 G = Mean time per level.
                   A        B        C        D        E       F      G
               +--------+--------+--------+--------+--------+-----+--------+
         Total |  15371 |  14499 |    872 |    460 |  12292 |  15 | 1024.7 |
       Dungeon |  14100 |  13265 |    835 |    296 |  11390 |  12 | 1175.0 |
        Temple |     24 |     13 |     11 |      0 |      0 |   1 |   24.0 |
          Lair |   1246 |   1220 |     26 |    164 |    902 |   2 |  623.0 |
               +--------+--------+--------+--------+--------+-----+--------+

Top non-repeatable levels by time:
    D:11: 2235 daAuts
     D:9: 1746 daAuts
     D:5: 1468 daAuts
     D:1: 1346 daAuts
     D:7: 1267 daAuts
  Lair:1: 1225 daAuts
     D:2: 1177 daAuts
     D:4: 1088 daAuts
     D:6: 1082 daAuts
    D:10: 1042 daAuts
     D:3: 865 daAuts
     D:8: 777 daAuts
  Temple: 24 daAuts
  Lair:2: 21 daAuts
    D:12: 1 daAuts
